MLB
BALTIMORE ORIOLES @ OAKLAND ATHLETICS
06/27/2098
 
TOP OF THE 1ST
Baltimore Orioles batting - Pitching for Oakland Athletics : LHP Ray Gehring
Pitching: LHP Ray Gehring
Batting: LHB Jeremy Marshall 0-0: Called Strike
0-1: Swinging Strike
0-2: Foul Ball, location: 2F
0-2: Foul Ball, location: 2F
0-2: Ground out 1-3 (Groundball, 34S, EV 73.8 MPH)
Batting: LHB Jerry Peterson 0-0: Called Strike
0-1: Ball
1-1: Ground out 4-3 (Groundball, 4, EV 92.5 MPH)
Batting: RHB Eduardo Lopez 0-0: Ball
1-0: Called Strike
1-1: Ball
2-1: Called Strike
2-2: Ball
3-2: Strikes out swinging
Top of the 1st over - 0 runs, 0 hits, 0 errors, 0 left on base; Baltimore 0 - Oakland 0
BOTTOM OF THE 1ST
Oakland Athletics batting - Pitching for Baltimore Orioles : RHP Chris Hafer
Pitching: RHP Chris Hafer
Batting: LHB Ryan Tipton 0-0: Hit by Pitch
Batting: RHB Ben Celeste 0-0: Called Strike
Ryan Tipton steals 2nd base
0-1: Ball
1-1: Reached on error, E4 (Groundball, 4M, EV 83.1 MPH)
Batting: LHB Pat Wilson 0-0: Ball
1-0: Ground out 6-3 (Groundball, P, EV 87.5 MPH)
Ryan Tipton to third
Ben Celeste to second
Batting: LHB Ivan Suarez 0-0: Ball
1-0: Fly out, F7 (Flyball, 7, EV 73.8 MPH)
Runner from 3rd tags up, SCORES, throw by LF
Ben Celeste to third
Batting: LHB Mario Marquez 0-0: Called Strike
0-1: Foul Ball, location: 2F
0-2: DOUBLE (Line Drive, 7LS, EV 90.6 MPH)
Ben Celeste scores
Batting: RHB Dallas Lentz 0-0: Swinging Strike
0-1: Fly out, F7 (Flyball, 78M, EV 98.1 MPH)
Bottom of the 1st over - 2 runs, 1 hit, 1 error, 1 left on base; Baltimore 0 - Oakland 2
TOP OF THE 2ND
Baltimore Orioles batting - Pitching for Oakland Athletics : LHP Ray Gehring
Batting: RHB Jonathan Skye 0-0: Ball
1-0: SINGLE (Line Drive, 56D, EV 101.3 MPH)
Batting: LHB Kenny West 0-0: Ball
1-0: Foul Ball, location: 7LMF
1-1: 2-RUN HOME RUN (Flyball, 9D, EV 96.3 MPH), Distance : 374 ft
Batting: LHB Nate Wagner 0-0: Ground out 6-3 (Groundball, 6, EV 66.9 MPH)
Batting: RHB Victor Rojas 0-0: Ball
1-0: Ball
2-0: Foul Ball, location: 5FF
2-1: Foul Ball, location: 25FF
2-2: Strikes out swinging
Batting: RHB Ed Pollock 0-0: Ball
1-0: Swinging Strike
1-1: Fly out, F4 (Popup, 34, EV 53.8 MPH)
Top of the 2nd over - 2 runs, 2 hits, 0 errors, 0 left on base; Baltimore 2 - Oakland 2
BOTTOM OF THE 2ND
Oakland Athletics batting - Pitching for Baltimore Orioles : RHP Chris Hafer
Batting: LHB Gene Del Vecchio 0-0: Called Strike
0-1: Swinging Strike
0-2: Strikes out swinging
Batting: RHB David Reichel 0-0: SINGLE (Groundball, 6MD, EV 98.8 MPH)
Batting: RHB Tom Karr 0-0: Swinging Strike
0-1: Foul Ball, location: 9LDF
0-2: Strikes out looking
Batting: LHB Ryan Tipton 0-0: Called Strike
0-1: Ball
1-1: Called Strike
1-2: Ball
2-2: Strikes out looking
Bottom of the 2nd over - 0 runs, 1 hit, 0 errors, 1 left on base; Baltimore 2 - Oakland 2
TOP OF THE 3RD
Baltimore Orioles batting - Pitching for Oakland Athletics : LHP Ray Gehring
Batting: LHB Dave Schwabe 0-0: Ball
1-0: Fly out, F3 (Line Drive, 34, EV 67.5 MPH)
Batting: LHB Jeremy Marshall 0-0: Ball
1-0: Called Strike
1-1: Foul Ball, location: 2F
1-2: Foul Ball, location: 5FF
1-2: Ball
2-2: Foul Ball, location: 23FF
2-2: Ball
3-2: Foul Ball, location: 3DF
3-2: Foul Ball, location: 9LMFF
3-2: Fly out, F9 (Flyball, 9, EV 81.9 MPH)
Batting: LHB Jerry Peterson 0-0: Ball
1-0: Ball
2-0: Called Strike
2-1: Swinging Strike
2-2: Foul Ball, location: 2F
2-2: Fly out, F9 (Line Drive, 9, EV 88.1 MPH)
Top of the 3rd over - 0 runs, 0 hits, 0 errors, 0 left on base; Baltimore 2 - Oakland 2
BOTTOM OF THE 3RD
Oakland Athletics batting - Pitching for Baltimore Orioles : RHP Chris Hafer
Batting: RHB Ben Celeste 0-0: Swinging Strike
0-1: Ball
1-1: Ball
2-1: Fly out, F8 (Flyball, 8LS, EV 84.4 MPH)
Batting: LHB Pat Wilson 0-0: Called Strike
0-1: Ball
1-1: Ground out U3 (Groundball, 13, EV 85.0 MPH)
Batting: LHB Ivan Suarez 0-0: Called Strike
0-1: Ball
1-1: Ball
2-1: Foul Ball, location: 7LDF
2-2: Ball
3-2: Foul Ball, location: 2F
3-2: Strikes out swinging
Bottom of the 3rd over - 0 runs, 0 hits, 0 errors, 0 left on base; Baltimore 2 - Oakland 2
TOP OF THE 4TH
Baltimore Orioles batting - Pitching for Oakland Athletics : LHP Ray Gehring
Batting: RHB Eduardo Lopez 0-0: Called Strike
0-1: Fly out, F9 (Flyball, 9LM, EV 93.1 MPH)
Batting: RHB Jonathan Skye 0-0: Ground out 6-3 (Groundball, 56, EV 88.8 MPH)
Batting: LHB Kenny West 0-0: Ball
1-0: Ball
2-0: Called Strike
2-1: Foul Ball, location: 2F
2-2: Foul Ball, location: 7LMF
2-2: Strikes out swinging
Top of the 4th over - 0 runs, 0 hits, 0 errors, 0 left on base; Baltimore 2 - Oakland 2
BOTTOM OF THE 4TH
Oakland Athletics batting - Pitching for Baltimore Orioles : RHP Chris Hafer
Batting: LHB Mario Marquez 0-0: Foul Ball, location: 9LSF
0-1: Swinging Strike
0-2: Ball
1-2: Strikes out swinging
Batting: RHB Dallas Lentz 0-0: Swinging Strike
0-1: Foul Ball, location: 9LSF
0-2: Foul Ball, location: 2F
0-2: Ball
1-2: Strikes out swinging
Batting: LHB Gene Del Vecchio 0-0: Foul Ball, location: 2RF
0-1: Fly out, F7 (Flyball, 7LM, EV 103.8 MPH)
Bottom of the 4th over - 0 runs, 0 hits, 0 errors, 0 left on base; Baltimore 2 - Oakland 2
TOP OF THE 5TH
Baltimore Orioles batting - Pitching for Oakland Athletics : LHP Ray Gehring
Batting: LHB Nate Wagner 0-0: Ball
1-0: Called Strike
1-1: Foul Ball, location: 7LMF
1-2: Ball
2-2: Ball
3-2: Foul Ball, location: 3SF
3-2: Foul Ball, location: 2F
3-2: Ground out 4-3 (Groundball, 4, EV 102.5 MPH)
Batting: RHB Victor Rojas 0-0: Called Strike
0-1: Ball
1-1: Ball
2-1: Called Strike
2-2: Ball
3-2: Ground out 5-3 (Groundball, 56, EV 106.3 MPH)
Batting: RHB Ed Pollock 0-0: Ball
1-0: Called Strike
1-1: Foul Ball, location: 2F
1-2: Foul Ball, location: 25F
1-2: Ground out 5-3 (Groundball, 15, EV 78.8 MPH)
Top of the 5th over - 0 runs, 0 hits, 0 errors, 0 left on base; Baltimore 2 - Oakland 2
BOTTOM OF THE 5TH
Oakland Athletics batting - Pitching for Baltimore Orioles : RHP Chris Hafer
Batting: RHB David Reichel 0-0: Called Strike
0-1: Swinging Strike
0-2: Strikes out swinging
Batting: RHB Tom Karr 0-0: Called Strike
0-1: Ball
1-1: Called Strike
1-2: Foul Ball, location: 9LSF
1-2: Foul Ball, location: 7LSF
1-2: Ball
2-2: Ball
3-2: Ground out 5-3 (Groundball, 56S, EV 92.5 MPH)
Batting: LHB Ryan Tipton 0-0: Ground out 4-3 (Groundball, 4, EV 86.3 MPH)
Bottom of the 5th over - 0 runs, 0 hits, 0 errors, 0 left on base; Baltimore 2 - Oakland 2
TOP OF THE 6TH
Baltimore Orioles batting - Pitching for Oakland Athletics : LHP Ray Gehring
Batting: LHB Dave Schwabe 0-0: Called Strike
0-1: Ball
1-1: Ball
2-1: Ground out 1-3 (Groundball, 34S, EV 68.8 MPH)
Batting: LHB Jeremy Marshall 0-0: Ball
1-0: Foul Ball, location: 2RF
1-1: Ball
2-1: Called Strike
2-2: Ball
3-2: Base on Balls
Batting: LHB Jerry Peterson 0-0: SINGLE (Line Drive, 7, EV 92.5 MPH)
Jeremy Marshall to second
Batting: RHB Eduardo Lopez 0-0: Called Strike
0-1: Ball
1-1: Ball
2-1: Foul Ball, location: 2RF
2-2: Ball
Wild Pitch!
Jeremy Marshall to third
Jerry Peterson to second
3-2: Intentional Walk
Batting: RHB Jonathan Skye 0-0: Foul Ball, location: 3FF
0-1: Called Strike
0-2: Ball
1-2: Strikes out swinging
Batting: LHB Kenny West 0-0: Swinging Strike
0-1: Ball
1-1: Foul Ball, location: 2RF
1-2: Foul Ball, location: 7LSF
1-2: Strikes out swinging
Top of the 6th over - 0 runs, 1 hit, 0 errors, 3 left on base; Baltimore 2 - Oakland 2
BOTTOM OF THE 6TH
Oakland Athletics batting - Pitching for Baltimore Orioles : RHP Chris Hafer
Batting: RHB Ben Celeste 0-0: Called Strike
0-1: Ball
1-1: Called Strike
1-2: Ball
2-2: Ground out 6-3 (Groundball, 6, EV 105.0 MPH)
Batting: LHB Pat Wilson 0-0: Called Strike
0-1: Ball
1-1: Ball
2-1: Fly out, F8 (Flyball, 8LD, EV 94.4 MPH)
Batting: LHB Ivan Suarez 0-0: Called Strike
0-1: SINGLE (Flyball, 78S, EV 95.0 MPH)
Batting: LHB Mario Marquez 0-0: Called Strike
0-1: Fly out, F9 (Flyball, 9LS, EV 89.4 MPH)
Bottom of the 6th over - 0 runs, 1 hit, 0 errors, 1 left on base; Baltimore 2 - Oakland 2
TOP OF THE 7TH
Baltimore Orioles batting - Pitching for Oakland Athletics : LHP Ray Gehring
Batting: LHB Nate Wagner 0-0: Ground out 5-3 (Groundball, 56, EV 81.3 MPH)
Batting: RHB Victor Rojas 0-0: SINGLE (Line Drive, 9S, EV 98.1 MPH)
Batting: RHB Ed Pollock 0-0: Ball
1-0: Ball
2-0: Fly out, F9 (Line Drive, 89D, EV 83.8 MPH)
Batting: RHB Danny Haner 0-0: Ball
1-0: Hit by Pitch
Victor Rojas to second
Pinch Hitting: RHB Travis Darling 0-0: Ball
1-0: DOUBLE (Line Drive, 89D, EV 110.0 MPH)
Victor Rojas scores
Danny Haner to third
Runner from 3rd tries for Home, SAFE, throw by CF to trailing runner, SAFE at third!
Pitching: RHP Steven Cadmus
Batting: LHB Jerry Peterson 0-0: Foul Ball, location: 3F
0-1: Ball
1-1: Ball
2-1: Ball
3-1: Base on Balls
Batting: RHB Eduardo Lopez 0-0: Called Strike
0-1: Ball
1-1: Foul Ball, location: 23FF
1-2: Ball
2-2: Ball
3-2: Foul Ball, location: 2F
3-2: Foul Ball, location: 2F
3-2: Base on Balls
Jerry Peterson to second
Batting: RHB Jonathan Skye 0-0: Called Strike
0-1: Swinging Strike
0-2: Strikes out swinging
Top of the 7th over - 2 runs, 2 hits, 0 errors, 3 left on base; Baltimore 4 - Oakland 2
BOTTOM OF THE 7TH
Oakland Athletics batting - Pitching for Baltimore Orioles : RHP Chris Hafer
Now in CF: Rafael Garza
Batting: RHB Dallas Lentz 0-0: Called Strike
0-1: Swinging Strike
0-2: Ball
1-2: Ball
2-2: Foul Ball, location: 25F
2-2: Strikes out swinging
Batting: LHB Gene Del Vecchio 0-0: Called Strike
0-1: Ball
1-1: Foul Ball, location: 2F
1-2: Foul Ball, location: 5FF
1-2: Foul Ball, location: 3F
1-2: Foul Ball, location: 7LDF
1-2: Fly out, F9 (Line Drive, 9LM, EV 110.6 MPH)
Batting: RHB David Reichel 0-0: Ground out 5-3 (Groundball, 56, EV 80.6 MPH)
Bottom of the 7th over - 0 runs, 0 hits, 0 errors, 0 left on base; Baltimore 4 - Oakland 2
TOP OF THE 8TH
Baltimore Orioles batting - Pitching for Oakland Athletics : RHP Steven Cadmus
Batting: LHB Kenny West 0-0: Foul Ball, location: 2F
0-1: Ball
1-1: Fly out, F7 (Flyball, 78S, EV 83.8 MPH)
Batting: LHB Nate Wagner 0-0: Ball
1-0: Swinging Strike
1-1: Called Strike
1-2: Ball
2-2: Foul Ball, location: 25F
2-2: Strikes out looking
Batting: RHB Victor Rojas 0-0: Ball
1-0: Fly out, F4 (Popup, 4S, EV 85.6 MPH)
Top of the 8th over - 0 runs, 0 hits, 0 errors, 0 left on base; Baltimore 4 - Oakland 2
BOTTOM OF THE 8TH
Oakland Athletics batting - Pitching for Baltimore Orioles : RHP Chris Hafer
Pitching: RHP Roger Diaz
Pinch Hitting: LHB Kyle O'Connor 0-0: Ball
1-0: Foul Ball, location: 2F
1-1: Ball
2-1: Called Strike
2-2: Strikes out swinging
Batting: LHB Ryan Tipton 0-0: Ball
1-0: Fly out, F6 (Popup, 56, EV 79.4 MPH)
Batting: RHB Ben Celeste 0-0: Called Strike
0-1: Foul Ball, location: 25FF
0-2: Ground out 5-3 (Groundball, 5, EV 91.3 MPH)
Bottom of the 8th over - 0 runs, 0 hits, 0 errors, 0 left on base; Baltimore 4 - Oakland 2
TOP OF THE 9TH
Baltimore Orioles batting - Pitching for Oakland Athletics : RHP Steven Cadmus
Pitching: RHP Jim Watson
Now at 2B: Randy Fowler
Batting: RHB Ed Pollock 0-0: Foul Ball, location: 2F
0-1: Called Strike
0-2: Ball
1-2: Ball
2-2: Strikes out swinging
Batting: RHB Danny Haner 0-0: Ball
1-0: Ball
2-0: Foul Ball, location: 9LSF
2-1: Fly out, F8 (Flyball, 8RM, EV 97.5 MPH)
Batting: SHB Rafael Garza 0-0: Called Strike
0-1: Ball
1-1: Foul Ball, location: 7LMF
1-2: Ball
2-2: Ball
3-2: Foul Ball, location: 2F
3-2: Ground out 6-3 (Groundball, 56, EV 86.3 MPH)
Top of the 9th over - 0 runs, 0 hits, 0 errors, 0 left on base; Baltimore 4 - Oakland 2
BOTTOM OF THE 9TH
Oakland Athletics batting - Pitching for Baltimore Orioles : RHP Roger Diaz
Batting: LHB Pat Wilson 0-0: Called Strike
0-1: Foul Ball, location: 7LSF
0-2: Ball
1-2: Ball
2-2: Ball
3-2: Foul Ball, location: 3FF
3-2: Base on Balls
Batting: LHB Ivan Suarez 0-0: Foul Ball, location: 7LDF
0-1: Ball
1-1: Swinging Strike
1-2: Foul Ball, location: 2F
1-2: Foul Ball, location: 9LSF
1-2: Foul Ball, location: 2F
1-2: Strikes out swinging
Pitching: LHP Jonathan Wells
Pinch Hitting: RHB Joey George 0-0: Fielders Choice at 2nd, 6-4 (Groundball, 6M, EV 75.6 MPH)
Batting: RHB Dallas Lentz 0-0: Ball
1-0: Ball
2-0: Called Strike
2-1: Foul Ball, location: 2F
2-2: Ball
3-2: Base on Balls
Joey George to second
Pinch Hitting: RHB Corey Springer 0-0: Foul Ball, location: 7LSF
0-1: Ball
1-1: Swinging Strike
1-2: Strikes out swinging
Bottom of the 9th over - 0 runs, 0 hits, 0 errors, 2 left on base; Baltimore 4 - Oakland 2
Monday, April 8th , 2024 - OOTP Baseball 24.11 Build 85